 Dungeon Sprint DCSS version 0.27.1-34-g3ba077fa99 (webtiles) character file.

Game seed: 8199995639849814211

491 Karpo the Unseen (level 6, -6/28 HPs)
             Began as a Spriggan Enchanter on Feb 4, 2022.
             Mangled by a centaur warrior (10 damage)
             ... in the Dungeon (Sprint I: "Red Sonja").
             The game lasted 00:03:23 (463 turns).

Karpo the Unseen (Spriggan Enchanter)                Turns: 463, Time: 00:03:23

Health: -6/28      AC:  4    Str:  4    XL:     6   Next: 91%
Magic:  9/11       EV: 17    Int: 18    God:
Gold:   175        SH:  0    Dex: 16    Spells: 1/10 levels left

rFire    . . .     SeeInvis +   a - +1 dagger
rCold    . . .     Faith    .   (shield restricted)
rNeg     . . .     Spirit   .   d - +2 robe {Will+}
rPois    .         Reflect  .   (helmet restricted)
rElec    .         Harm     .   (no cloak)
rCorr    .         Rampage  .   (gloves unavailable)
Will     ++...     NoTele   +   (boots unavailable)
Stlth    ++++++++..             (no amulet)
HPRegen  0.09/turn              (no ring)
MPRegen  0.12/turn              (no ring)

@: very quick
A: very small, no large weapons, unfitting armour, see invisible, speed 3
a: no special abilities


You were in the Dungeon.
You visited 1 branch You collected 175 gold pieces.

Inventory:

Hand Weapons
 a - a +1 dagger (weapon)
Armour
 b - a +0 robe
 d - a +2 robe of willpower (worn)
Potions
 c - 2 potions of curing
 f - 2 potions of magic


   Skills:
 - Level 1.1 Short Blades
 - Level 2.6 Dodging
 + Level 20.6 Stealth
 - Level 2.6 Spellcasting
 - Level 3.6 Hexes


You had one spell level left.
You knew the following spells:

 Your Spells              Type           Power      Damage    Failure   Level
a - Corona                Hex            16%        N/A       3%          1
b - Ensorcelled Hibernat  Hex/Ice        16%        N/A       12%         2
c - Confusing Touch       Hex            15%        N/A       12%         3
d - Tukima's Dance        Hex            15%        N/A       12%         3

Your spell library contained the following spells:

 Spells                   Type           Power      Damage    Failure   Level
 Dazzling Flash           Conj/Hex       16%        N/A       24%         3


Dungeon Overview and Level Annotations

Branches:
Dungeon (1/1)

Altars:
Makhleb
Sif Muna
Vehumet
Wu Jian
Xom
Jiyva
Lugonu


Innate Abilities, Weirdness & Mutations

You are very small and have problems with some larger weapons.
You are too small for most types of armour.
You have supernaturally acute eyesight. (SInv)
You cover ground extremely quickly. (Speed+++)


Message History

You kill the jelly!
c - 2 potions of curing (gained 1)
You now have 175 gold pieces (gained 13).
There is an ornate altar of the Wu Jian Council here.
There is an ornate altar of the Wu Jian Council here.
You open the door. 2 centaur warriors come into view.
Found 20 gold pieces and a whip.
The centaur warrior moves out of view. x2
There is an open door here.
You aren't carrying any scrolls.
Unknown command.
You enter the shallow water.
Moving in this stuff is going to be slow.
The centaur warrior shouts! x2
The centaur warrior wields a +0 shortbow.
The centaur warrior shoots an arrow.
The arrow closely misses you.
The centaur warrior wields a +1 vorpal shortbow.
The centaur warrior shoots an arrow.
The arrow hits you!
You hit the centaur warrior but do no damage.
The centaur warrior unwields a +1 vorpal shortbow.
The centaur warrior misses you. The centaur warrior kicks you.
The centaur warrior unwields a +0 shortbow.
The centaur warrior closely misses you.
The centaur warrior kicks you but does no damage.
The centaur warrior hits you.
* * * LOW HITPOINT WARNING * * *
The centaur warrior closely misses you.
Casting: Confusing Touch (quite dangerous; 12% risk of failure)
Confirm with . or Enter, or press ? or * to list all spells.
Aiming: Ensorcelled Hibernation (safe; 12% risk of failure)
Press: ? - help, Shift-Dir - straight line, f - centaur warrior
Aim: a centaur warrior, quivering arrows (chance to affect: 23%)
The centaur warrior looks drowsy...
The centaur warrior hits you.
* * * LOW HITPOINT WARNING * * *
The centaur warrior barely misses you.
The helpless centaur warrior fails to defend itself.
You stick the centaur warrior like a pincushion!!!!
You kill the centaur warrior!
The centaur warrior hits you!
You die...

################
#..'..#..'..#__#
').#..').#..'..+
#####'#####'#__####
# #..# #.####§)# #
#### ##.#§§≈§§# #
#+#_.§§≈§§c+ #
+...§#§§≈@.# #
#_§#+##+#### ##+#


You could see a centaur warrior.

Vanquished Creatures
  A centaur warrior (D)
  Sigmund (D)
  A slime creature (D)
  An ogre (D)
  A jelly (D)
  Ijyb (D)
6 creatures vanquished.

Notes
Turn   | Place    | Note
-------+----------+-------------------------------------------
     0 | D        | Karpo the Spriggan Enchanter began the quest for the Orb.
     0 | D        | Reached XP level 1. HP: 9/9 MP: 5/5
     2 | D        | Noticed Ijyb
    14 | D        | Killed Ijyb
    15 | D        | Reached skill level 10 in Stealth
    15 | D        | Reached XP level 2. HP: 11/13 MP: 6/6
    18 | D        | Noticed an ogre
    32 | D        | Learned a level 2 spell: Ensorcelled Hibernation
    37 | D        | Killed an ogre
    38 | D        | Reached skill level 14 in Stealth
    38 | D        | Reached XP level 3. HP: 3/16 MP: 2/8
    38 | D        | Reached XP level 4. HP: 4/21 MP: 2/9
   276 | D        | Learned a level 3 spell: Confusing Touch
   282 | D        | Noticed Sigmund
   313 | D        | Killed Sigmund
   314 | D        | Reached skill level 18 in Stealth
   314 | D        | Reached XP level 5. HP: 21/24 MP: 2/10
   314 | D        | Reached XP level 6. HP: 24/28 MP: 2/11
   318 | D        | Learned a level 3 spell: Tukima's Dance
   422 | D        | Found a burning altar of Makhleb.
   422 | D        | Found a viscous altar of Jiyva.
   422 | D        | Found a shimmering altar of Xom.
   422 | D        | Found a corrupted altar of Lugonu.
   422 | D        | Noticed a slime creature
   425 | D        | Killed a slime creature
   426 | D        | Reached skill level 20 in Stealth
   434 | D        | Found an ornate altar of the Wu Jian Council.
   434 | D        | Found a shimmering blue altar of Sif Muna.
   436 | D        | Found a radiant altar of Vehumet.
   456 | D        | Noticed a centaur warrior
   456 | D        | Noticed a centaur warrior
   463 | D        | Killed a centaur warrior
   463 | D        | Mangled by a centaur warrior

Illustrated notes

Levels and vault maps discovered:
D:        dungeon_sprint_1 [red_sonja_temple_1, red_sonja_temple_small_1]

Skill      XL: |  1  2  3  4  5  6 |
---------------+-------------------+-----
Stealth        | 10 14 18 20 | 20.6
Short Blades   | |  1.1
Dodging        | |  2.6
Spellcasting   | |  2.6
Hexes          | |  3.6

Action                   |  1- 3 |  4- 6 || total
-------------------------+-------+-------++-------
Melee: Dagger            |    18 |    14 ||    32
 Cast: Ensorcelled Hiber |     2 |     3 ||     5
       Confusing Touch   |       |     2 ||     2
  Use: Potion            |     2 |     1 ||     3
       Scroll            |     1 |       ||     1
 Stab: Sleeping          |     1 |     3 ||     4
       Confused          |       |     2 ||     2
Armor: Robe              |       |     1 ||     1
Dodge: Dodged            |     9 |    13 ||    22
